 Dungeon Crawl Stone Soup version 0.31-a0-175-g9f7f995f2b (webtiles) character file.

Game seed: 11421687124614101236

264 qw the Chopper (level 6, 0/39 HPs)
             Began as a Gargoyle Fighter on June 17, 2023.
             Slain by an ogre
             ... wielding a +0 giant club
              (2 damage)
             ... on level 4 of the Dungeon.
             The game lasted 00:01:11 (2869 turns).

qw the Chopper (Gargoyle Fighter)                   Turns: 2869, Time: 00:01:12

Health: 0/39       AC: 12    Str: 21    XL:     6   Next: 19%
Magic:  6/6        EV:  9    Int:  9    God:
Gold:   198        SH:  4    Dex:  9    Spells: 5/5 levels left

rFire   . . .        Y - +0 war axe (drain)
rCold   . . .        c - +0 buckler
rNeg    + . .        b - +0 scale mail
rPois   inf          (no helmet)
rElec   +            (no cloak)
rCorr   .            i - +0 pair of gloves
SInv    .            (no boots)
Will    .....        (no amulet) Stlth
                     (no ring)
HPRegen 0.26/turn    (no ring)
MPRegen 0.10/turn

%: no passive effects
@: about to teleport
A: sickness immunity, AC +4, negative energy resistance 1, electricity
resistance, torment resistance 1, petrification resistance
a: no special abilities


You were on level 4 of the Dungeon.
You visited 1 branch of the dungeon, and saw 4 of its levels.

You collected 228 gold pieces.
You spent 30 gold pieces at shops.


Innate Abilities, Weirdness & Mutations

You are immune to sickness and miasma.
Your stone body is resilient. (AC +4)
You are immune to poison.
You resist negative energy. (rN+)
You are resistant to electric shocks. (rElec)
You are resistant to unholy torment.
You are immune to petrification.


   Skills:
 - Level 4.4 Fighting
 - Level 5.0 Axes
 - Level 3.2 Armour
 + Level 0.9 Dodging
 - Level 3.2 Shields


You had 5 spell levels left.
You didn't know any spells.
Your spell library was empty.

Inventory:

Hand Weapons
 h - a +0 morningstar
 l - a +0 war axe
 Y - a +0 war axe of draining (weapon)
Missiles
 k - 2 boomerangs (quivered)
Armour
 b - a +0 scale mail (worn)
 c - a +0 buckler (worn)
 i - a +0 pair of gloves (worn)
Scrolls
 a - a scroll of identify
 e - 3 scrolls of teleportation
 m - a scroll of enchant weapon {unknown}
Potions
 d - 2 potions of might
 f - a potion of enlightenment {unknown}
 g - a potion of attraction {unknown}
 j - a potion of heal wounds {unknown}

Dungeon Overview and Level Annotations

Branches:
Dungeon (4/15)
 Temple: D:4-7

Altars:

Shops:
D:1 *   D:3 :

Annotations:
D:3 1 runed translucent door, qw's ghost, weakling NaHu


Message History

Enter note:
Enter note:
Enter note:
Enter note:
Enter note:
Enter note:
There is an open door here.
There is a stone staircase leading down here.
You open the door.
An ogre comes into view. It is wielding a +0 giant club.
Enter note:
Enter note:
Enter note:
Enter note:
Enter note:
Enter note: You throw a boomerang.
The boomerang hits the ogre but does no damage.
You throw a boomerang.
The boomerang completely misses the ogre.
A kobold comes into view.
It is wielding a +1 dagger of holy wrath.
The kobold shouts!
You hit the ogre. You drain the ogre.
The ogre is moderately wounded.
The ogre closely misses you.
You barely miss the ogre.
The ogre is moderately wounded.
The ogre hits you with a +0 giant club!!
Ouch! That really hurt!
You slash the ogre!
The ogre is severely wounded.
The ogre closely misses you.
You barely miss the ogre.
The ogre is severely wounded.
The ogre hits you with a +0 giant club!
2869 ||| READING 4 scrolls of teleportation.
As you read the scroll of teleportation, it crumbles to dust.
You feel strangely unstable. The ogre hits you with a +0 giant club.
You die...

#....##..#.#####
#....%...###
#.......##
#.......#
######..##.#
##..###'###.#
+....#......#
#....#......#
#..@.'......#
##O########+#
..K .....
....... .......
....... .......


You could see an ogre (drained) and a kobold.

Vanquished Creatures
  A scorpion (D:4)
  An orc priest (D:3)
  Ijyb (D:4)
  An iguana (D:3)
  5 adders
  3 worms
  A dart slug (D:2)
  9 orcs (D:3)
  5 ball pythons
  A bat (D:2)
  2 endoplasms
  4 giant cockroaches
  3 goblins
  4 hobgoblins
  4 jackals (D:1)
  8 kobolds
  2 quokkas (D:3)
  A frilled lizard (D:3)
  4 rats
60 creatures vanquished.

Notes
Turn   | Place    | Note
-------+----------+-------------------------------------------
     0 | D:1      | qw the Gargoyle Fighter began the quest for the Orb.
     0 | D:1      | Reached XP level 1. HP: 14/14 MP: 1/1
     0 | D:1      | 0 ||| qw: Version: 0.3-a-2-g5ab2908
     0 | D:1      | 0 ||| qw: Game counter: 211
     0 | D:1      | 0 ||| qw: Always use a shield: true
     0 | D:1      | 0 ||| qw: God list: Okawaru
     0 | D:1      | 0 ||| qw: Allow faded altars: false
     0 | D:1      | 0 ||| qw: Do Orc after D:15 true
     0 | D:1      | 0 ||| qw: Do second Lair branch before Depths: true
     0 | D:1      | 0 ||| qw: Lair rune preference: random
     0 | D:1      | 0 ||| qw: Plans: Normal, Zot:1-4, Slime:5, God:TSO, Crypt,
                  | Tomb, Abyss, Pan, Hells, Win
     0 | D:1      | 0 ||| PLANNING D:1-11
    84 | D:1      | Reached skill level 2 in Axes
   123 | D:1      | 123 ||| Stepping ~*~*~tactically~*~*~ (stealth).
   198 | D:1      | Reached XP level 2. HP: 19/19 MP: 2/2
   367 | D:1      | 367 ||| DROPPING +0 club.
   412 | D:1      | Found Gusiew's General Store.
   417 | D:1      | 417 ||| BUYING scroll of teleportation (30 gold).
   417 | D:1      | Bought a scroll of teleportation for 30 gold pieces
   643 | D:1      | 643 ||| READING scroll labelled ASTRAC CYEBO.
   781 | D:2      | Reached skill level 3 in Axes
   807 | D:2      | Reached XP level 3. HP: 23/23 MP: 3/3
  1049 | D:2      | Identified the +8 spear "Lucek" {holy, Contam *Rage rPois
                  | Str+6}
  1170 | D:2      | Identified the +0 spear of the Twelve Loafs {freeze, rElec
                  | rCorr}
  1254 | D:2      | Found a faded altar of an unknown god.
  1584 | D:2      | 1584 ||| READING scroll labelled OBIURCHETHI.
  1585 | D:2      | 1585 ||| READING scroll labelled YPPOYSHAOSS.
  1586 | D:2      | 1586 ||| READING scroll labelled MEAMYTS UQAEQESK.
  1605 | D:2      | 1605 ||| READING scroll labelled ALETRIT TASOTY.
  1659 | D:3      | Reached XP level 4. HP: 25/28 MP: 4/4
  1703 | D:3      | 1703 ||| DROPPING +0 whip.
  1709 | D:3      | 1709 ||| Stepping ~*~*~tactically~*~*~ (stealth).
  1716 | D:3      | Reached skill level 4 in Axes
  1807 | D:3      | 1807 ||| DROPPING +0 mace.
  1827 | D:3      | 1827 ||| Stepping ~*~*~tactically~*~*~ (hiding).
  1833 | D:3      | 1833 ||| FLEEEEING.
  1848 | D:3      | 1848 ||| Stepping ~*~*~tactically~*~*~ (stealth).
  1850 | D:3      | Reached XP level 5. HP: 32/32 MP: 5/5
  1906 | D:3      | 1906 ||| Stepping ~*~*~tactically~*~*~ (hiding).
  2124 | D:3      | 2124 ||| DROPPING +0 hand axe.
  2131 | D:3      | Reached skill level 5 in Axes
  2150 | D:3      | Found a runed translucent door.
  2152 | D:3      | Noticed qw's ghost (weakling NaHu)
  2502 | D:3      | Found Tuwayfutt's Book Shoppe.
  2515 | D:3      | 2515 ||| UPGRADING to +0 pair of gloves.
  2629 | D:3      | 2629 ||| READING scroll labelled XONICH MERUFA.
  2658 | D:4      | Noticed Ijyb
  2666 | D:4      | Reached XP level 6. HP: 38/39 MP: 6/6
  2681 | D:4      | Killed Ijyb
  2868 | D:4      | HP: 2/39 [ogre/+0 giant club (14)]
  2869 | D:4      | 2869 ||| READING 4 scrolls of teleportation.
  2869 | D:4      | Slain by an ogre

Levels and vault maps discovered:
D:1:      dpeg_arrival_rhombus, layout_loops_ring, serial_shops, shop
D:2:      layout_basic, shapermc_ecumenical_altar_ellora, serial_aquarium,
          aquarium_bridge_square [aquarium_subvault_bridge,
          aquarium_subvault_wall, aquarium_subvault_balcony,
          aquarium_subvault_window], aquarium_window_fake, aquarium_window_fake,
          aquarium_window_fake, aquarium_view_2b, aquarium_balcony_5b,
          mrwooster_statue_mirror
D:3:      layout_basic, ebering_ghost_sewer_d, serial_shops,
          nicolae_book_shop_shelving, chequers_garden
D:4:      layout_gridville, mainiacjoe_overflow_two_lobes,
          kennysheep_pointless_box, minmay_misc_feat_cross, serial_bayou_pond_e,
          uniq_ijyb, uniq_blork_the_orc, uniq_grinder

Skill      XL: |  1  2  3  4  5 |
---------------+----------------+-----
Axes           | 2 3 4 5 |  5.0
Fighting       | 4 |  4.4
Armour         | |  3.2
Dodging        | |  0.9
Shields        | |  3.2

Action                     |  1- 3 |  4- 6 || total
---------------------------+-------+-------++-------
  Melee: War axe           |    81 |    85 ||   166
  Throw: Boomerang         |       |    32 ||    32
    Use: Scroll            |     5 |     2 ||     7
 Armour: Scale mail        |    43 |    41 ||    84
  Dodge: Dodged            |    36 |    31 ||    67
  Block: Buckler           |    12 |    13 ||    25

Table legend:
 A = Non-vault XP
 B = Vault XP
 C = Vault XP percentage of total XP
 D = Non-vault monster count
 E = Vault monster count
 F = Vault count percentage of total count
                 A         B        C        D         E       F
            +---------+---------+-------+---------+---------+-------
      Total |     342 |      36 |   9.5 |      59 |       1 |   1.7
            +---------+---------+-------+---------+---------+-------
        D:1 |      28 |       0 |   0.0 |      15 |       0 |   0.0
        D:2 |      49 |       0 |   0.0 |      12 |       0 |   0.0
        D:3 |     178 |       0 |   0.0 |      29 |       0 |   0.0
        D:4 |      87 |      36 |  29.3 |       3 |       1 |  25.0
            +---------+---------+-------+---------+---------+-------
